 Dungeon Crawl Stone Soup version 0.30-a0-172-gc5509c9e31 (webtiles) character file.

Game seed: 14702881133854718056

95 qw the Chopper (level 4, -2/28 HPs)
             Began as a Gargoyle Fighter on Oct 1, 2022.
             Slain by Sigmund
             ... wielding a +0 scythe
              (6 damage)
             ... on level 2 of the Dungeon.
             The game lasted 00:00:31 (1053 turns).

qw the Chopper (Gargoyle Fighter)                   Turns: 1053, Time: 00:00:32

Health: -2/28      AC: 11    Str: 22    XL:     4   Next: 65%
Magic:  4/4        EV:  9    Int:  8    God:
Gold:   35         SH:  4    Dex:  9    Spells: 3/3 levels left

rFire   . . .      SeeInvis .    Y - +0 war axe (protect)
rCold   . . .      Faith    .    c - +0 buckler
rNeg    + . .      Spirit   .    b - +0 scale mail
rPois   inf        Reflect  .    (no helmet)
rElec   +          Harm     .    (no cloak)
rCorr   .          Rampage  .    (no gloves)
Will    .....                    m - +0 pair of boots
Stlth   ..........               (no amulet)
HPRegen 0.24/turn                (no ring)
MPRegen 0.09/turn                (no ring)

@: no status effects
A: sickness immunity, AC +3, negative energy resistance 1, electricity
resistance, torment resistance 1, petrification resistance
a: no special abilities


You were on level 2 of the Dungeon.
You visited 1 branch of the dungeon, and saw 2 of its levels.

You collected 35 gold pieces.


Innate Abilities, Weirdness & Mutations

You are immune to sickness and miasma.
Your stone body is resilient. (AC +3)
You are immune to poison.
You resist negative energy. (rN+)
You are resistant to electric shocks. (rElec)
You are resistant to unholy torment.
You are immune to petrification.


   Skills:
 - Level 3.2 Fighting
 + Level 4.3 Axes
 - Level 3.2 Armour
 - Level 3.2 Shields


You had 3 spell levels left.
You didn't know any spells.
Your spell library was empty.

Inventory:

Hand Weapons
 k - a +0 mace
 Y - a +0 war axe of protection (weapon)
Armour
 b - a +0 scale mail (worn)
 c - a +0 buckler (worn)
 e - the +0 pair of gloves of Onoa {rElec Will- Int+9}
   (You acquired it on level 1 of the Dungeon)

   Int:       It affects your intelligence (+9).
   rElec:     It insulates you from electricity.
   Will:      It decreases your willpower.
 m - a +0 pair of boots (worn)
 n - a +2 chain mail of cold resistance
Jewellery
 i - a +6 ring of intelligence
Scrolls
 a - a scroll of identify
Potions
 d - a potion of might
 f - a potion of brilliance {unknown}
 g - a potion of resistance
 h - a potion of curing
 j - 3 potions of haste
 l - a potion of mutation {unknown}

Dungeon Overview and Level Annotations

Branches:
Dungeon (2/15)

Altars:

Annotations:
D:2 Sigmund


Message History

You see here a +0 leather armour.
Sigmund the Dreaded comes into view.
He is wielding a +0 scythe.
Sigmund drinks a potion.
Sigmund flickers and vanishes!
Deactivating autopickup; reactivate with Ctrl-A.
You barely miss something. You block something's attack.
You closely miss something. Something hits you!
You slash something!
Your weapon exudes an aura of protection.
Something hits you but does no damage.
You miss something. You hit something but do no damage.
You hear some strange, mumbled words.
Something tries to affect you, but you resist.
Something hits you but does no damage.
You hit something. You block something's attack.
You miss something. You hit something but do no damage.
Something hits you but does no damage.
You miss something. You block something's attack.
You miss something. Something hits you.
You closely miss something. Something hits you.
You miss something.
You hear some strange, mumbled words.
Something tries to affect you, but you resist.
You miss something.
You hear some strange, mumbled words.
Something tries to affect you, but you resist.
You barely miss something.
You hear some strange, mumbled words.
A magic dart appears from out of thin air!
The magic dart hits you! Something hits you.
You closely miss something. Something hits you.
You die...

####.##.#
#.##.# ##
#.##.# .#
#.##.# .#
#.##.#
.####
#.##.#
....# #.##
#.#
)##.###
##....##.#
........
......{@.#
....##.#
##.#######
....## #
.......
.....#.
.......#
.....#.
.....#
......


There were no monsters in sight!

Vanquished Creatures
  Jessica (D:2)
  Terence (D:2)
  An adder (D:2)
  5 endoplasms (D:1)
  6 goblins
  2 hobgoblins (D:1)
  6 jackals (D:1)
  3 ball pythons
  2 frilled lizards (D:1)
  A kobold (D:1)
  5 rats (D:1)
33 creatures vanquished.

Notes
Turn   | Place    | Note
-------+----------+-------------------------------------------
     0 | D:1      | qw the Gargoyle Fighter began the quest for the Orb.
     0 | D:1      | Reached XP level 1. HP: 14/14 MP: 1/1
     0 | D:1      | 0 ||| qw: Version: 0.2-a-13-gfc7b4b4
     0 | D:1      | 0 ||| qw: Game counter: 1761
     0 | D:1      | 0 ||| qw: Always use a shield: true
     0 | D:1      | 0 ||| qw: God list: Okawaru
     0 | D:1      | 0 ||| qw: Allow faded altars: false
     0 | D:1      | 0 ||| qw: Do Orc after D:15 true
     0 | D:1      | 0 ||| qw: Do second Lair branch before Depths: true
     0 | D:1      | 0 ||| qw: Lair rune preference: random
     0 | D:1      | 0 ||| qw: Plans: Normal, Zot:1-4, God:TSO, Crypt, Tomb,
                  | Pan, Slime:5, Hells, Abyss, Orb
     0 | D:1      | 0 ||| PLANNING D:1-11
    23 | D:1      | Reached skill level 2 in Axes
    50 | D:1      | 50 ||| Stepping ~*~*~tactically~*~*~ (stealth).
    55 | D:1      | Reached XP level 2. HP: 19/19 MP: 2/2
   397 | D:1      | Reached skill level 3 in Axes
   439 | D:1      | Reached XP level 3. HP: 23/23 MP: 3/3
   439 | D:1      | 439 ||| Stepping ~*~*~tactically~*~*~ (stealth).
   440 | D:1      | 440 ||| Stepping ~*~*~tactically~*~*~ (stealth).
   693 | D:1      | 693 ||| UPGRADING to +0 pair of boots.
   698 | D:1      | 698 ||| READING 4 scrolls labelled CUVEMM EKUE.
   699 | D:1      | 699 ||| READING 2 scrolls labelled NIVUCO QA LYORCH.
   700 | D:1      | 700 ||| READING scroll labelled QUTUFUR KUGIV.
   701 | D:1      | 701 ||| READING scroll labelled NESETE QUUQIUGH.
   701 | D:1      | Identified a scroll of acquirement
   701 | D:1      | 701 ||| ACQUIRING +0 pair of gloves of Onoa {rElec Will-
                  | Int+9}
   701 | D:1      | Acquired the +0 pair of gloves of Onoa {rElec Will- Int+9}
   703 | D:1      | 703 ||| DRINKING 4 glowing dark potions.
   704 | D:1      | 704 ||| READING 3 scrolls of identify.
   704 | D:1      | 704 ||| IDENTIFYING lumpy puce potion
   705 | D:1      | 705 ||| READING 2 scrolls of identify.
   705 | D:1      | 705 ||| IDENTIFYING murky inky potion
   706 | D:1      | 706 ||| DROPPING scroll of poison.
   743 | D:2      | Noticed Jessica
   755 | D:2      | Killed Jessica
   756 | D:2      | Reached XP level 4. HP: 15/28 MP: 4/4
   772 | D:2      | 772 ||| FLEEEEING.
   774 | D:2      | 774 ||| STAIRDANCE
   812 | D:2      | 812 ||| Stepping ~*~*~tactically~*~*~ (stealth).
   819 | D:2      | Reached skill level 4 in Axes
   839 | D:2      | Noticed Terence
   847 | D:2      | Killed Terence
   897 | D:2      | 897 ||| DROPPING +0 club.
  1037 | D:2      | Noticed Sigmund
  1052 | D:2      | HP: 4/28 [something (5)]
  1053 | D:2      | Slain by Sigmund

Levels and vault maps discovered:
D:1:      dpeg_arrival_simpleton_c, layout_loops_ring, kennysheep_crisscross
D:2:      layout_basic, uniq_jessica, uniq_sigmund, uniq_terence

Skill      XL: |  1  2  3  4 |
---------------+-------------+-----
Axes           | 2 3 4 |  4.3
Fighting       | |  3.2
Armour         | |  3.2
Shields        | |  3.2

Action                   |  1- 3 |  4- 6 || total
-------------------------+-------+-------++-------
Melee: War axe           |    72 |    26 ||    98
  Use: Scroll            |     6 |       ||     6
       Potion            |     1 |       ||     1
Armor: Scale mail        |    31 |     8 ||    39
Dodge: Dodged            |    36 |     7 ||    43
Block: Buckler           |     8 |     5 ||    13

Table legend:
 A = Non-vault XP
 B = Vault XP
 C = Vault XP percentage of total XP
 D = Non-vault monster count
 E = Vault monster count
 F = Vault count percentage of total count
                 A         B        C        D         E       F
            +---------+---------+-------+---------+---------+-------
      Total |      63 |      73 |  53.7 |      31 |       2 |   6.1
            +---------+---------+-------+---------+---------+-------
        D:1 |      45 |       0 |   0.0 |      27 |       0 |   0.0
        D:2 |      18 |      73 |  80.2 |       4 |       2 |  33.3
            +---------+---------+-------+---------+---------+-------
